Workbook
Name _Hlk109992725: 'Cuadro de Control'!$D$16
Name _Hlk138058775: 'Cuadro de Control'!$D$10
Name _Hlk138066298: 'Cuadro de Control'!$D$17

Sheet Matriz 1 - Riesgos
A1: Código: CCE-GAD- FM-30 versión: 01 del 08/08/2022 | H1: MATRIZ DE RIESGOS DEL ACUERDO MARCO DE PRECIOS MATERIA PRIMA INTENDENCIA (SECTOR TEXTIL) (CCENEG-087-01-2025)
A2: N° | B2: Clase | C2: Fuente | D2: Etapa | E2: Tipo | F2: Descripción (Qué puede pasar y, cómo puede ocurrir) | G2: Posibles causas de la ocurrencia del evento | H2: Consecuencia de la ocurrencia del evento | I2: Impacto antes del tratamiento | M2: ¿A quién se le asigna? | N2: Tratamiento/ Controles a ser implementados | O2: Impacto después del tratamiento | S2: ¿Afecta la ejecución del contrato? | T2: Responsable por implementar el tratamiento | U2: Fecha estimada en que se inicia el tratamiento | V2: Fecha estimada en que se completa el tratamiento | W2: Monitoreo y revisión
I3: Probabilidad | J3: Impacto | K3: Valoración del riesgo | L3: Categoría | O3: Probabilidad | P3: Impacto | Q3: Valoración del riesgo | R3: Categoría | W3: ¿Cómo se realiza el monitoreo? | X3: Periodicidad ¿Cuándo?
A6: 1 | B6: general | C6: externo | D6: selección | E6: económico | F6: Colusion en la operación principal: colusión entre dos o más proponentes para manipular el proceso de selección, eliminando la competencia real; los proveedores coordinan precios, se reparten zonas geográficas, presentan ofertas simuladas | G6: 1) Allta de competencia real o pocos proveedores en el mercado. 2)Historial de relaciones previas entre los oferentes. 3) Repetición de los mismos proveedores en procesos similares .4) Excesiva previsibilidad en los criterios de evaluación. | H6: El Acuerdo Marco no logra condiciones competitivas; o, se generen condiciones de desierto del proceso por supuestas prácticas de los proveedores. | I6: 3 | J6: 3 | K6: 6 | L6: alto | M6: Colombia Compra Eficiente | N6: Solidez en la elaboración de los documentos que hacen parte del proceso de selección, logrando condiciones garantistas que permitan la libre concurrencia y participación en el mismo, que logren reflejar la realidad del sector: - Diseñar pliegos de condiciones que fomenten la participación de múltiples proveedores. - Incluir cláusulas que prohíban expresamente prácticas colusorias. - Establecer criterios técnicos claros pero flexibles que permitan diversidad de ofertas. | O6: 2 | P6: 3 | Q6: 5 | R6: medio | S6: si | T6: Colombia Compra Eficiente | U6: En la etapa previa de planeación y estructuración. | V6: Al finalizar la etapa precontractual | W6: - En la planeación: Verificación de vínculos entre proveedores potenciales (mismos representantes legales, domicilio, etc.). - En la selección: Revisión de similitudes sospechosas entre ofertas (precios, redacción, formatos), análisis de patrones de comportamiento. - Comparación de precios adjudicados vs. precios de mercado, evaluación del desempeño, denuncias recibidas. | X6: Permanente durante la etapa de planeación
A7: 2 | B7: general | C7: externo | D7: Ejecución | E7: económico | F7: Colusion en la operación secundaria: Los proveedores habilitados pueden coordinarse durante su ejecución para manipular los precios, limitar el suministro, repartirse las órdenes de compra o influir en la asignación de contratos derivados, afectando la competencia y el interés público | G7: 1) Falta de control sobre las órdenes emitidas bajo el acuerdo. 2)Alta concentración del mercado. 3)Escasa supervisión del comportamiento posterior a la adjudicación. | H7: 1).Precios sobrevalorados o injustificados en compras derivadas. 2). Simulación de competencia sin beneficio real para el comprador. 3)Abastecimiento ineficiente y centralizado en pocos actores. 4)Pérdida de recursos públicos-Detrimento Patrimonial. 5)Riesgos legales para la entidad compradora. | I7: 3 | J7: 3 | K7: 6 | L7: alto | M7: entidad compradora | N7: i) Verificacion de la entidad compradora cuando en el evento de cotización se evidencia colusión en las respuestas a los eventos; ii) Aplicación de la Guía de Precios Artificialmente Bajos por parte de las entidades compradoras; iii) Cláusulas específicas contra prácticas colusorias en el contrato marco y en cada orden derivada. iv) Establecer reglas claras de operación de órdenes bajo el Acuerdo Marco | O7: 2 | P7: 3 | Q7: 5 | R7: medio | S7: si | T7: Entidad Compradora | U7: En la planeacion del proceso de contratacion | V7: La del vencimiento del plazo del Acuerdo Marco | W7: -Revisión periódica de comportamiento de precios entre proveedores (variación mínima = alerta). -Análisis de adjudicaciones por proveedor: ¿hay uno que recibe la mayoría? -Comparación con precios referenciales de mercado o acuerdos similares. | X7: Permanente durante la ejecución
A8: 3 | B8: General | C8: Externo | D8: Selección | E8: Económico | F8: Declarar desierto algún Lote o categorìa, producto del Acuerdo Marco de Precios bajo el modelo de adjudicación planteado. | G8: (ii) Requerimientos en las especificaciones, normas técnicas y requisitos de difícil cumplimiento para los Proponentes. Iii) Mercado o sector limitado o. con caracteristicas oligopolicas iv) Segmentación poco atractiva o mal diseñada. v)Falta de difusión o tiempo insuficiente. Requisitos técnicos, financieros o jurídicos demasiado exigentes. Experiencias pasadas negativas de los proveedores con la entidad compradora (demora en los pagos<9 | H8: - El no suministro del elemento al amparo del Acuerdo Marco-Desabastecimiento. - Compras directas de urgencia fuera del acuerdo (más costosas y menos controladas). - Pérdida de oportunidad de eficiencia por volumen o estandarización. - Aumento de cargas administrativas por tener que repetir o rediseñar el proceso. | I8: 2 | J8: 3 | K8: =SUM(I8:J8) -> 5 | L8: =VLOOKUP(K8,Inputs!$E$2:$F$12,2,FALSE) -> Medio | M8: Colombia Compra Eficiente | N8: - Aplicación de una estrategia de difusion y divulgación efectiva a los posibles Proveedores del Acuerdo Marco - Definir las condiciones de participación de los posibles Proveedores acorde con el mercado. - Ajuste realista de requisitos: adaptar exigencias según la naturaleza del mercado proveedor. - Elaboración de especificaciones y normas técnicas acordes con el mercado y que puedan ser cumplidas por los proveedores. - Revisión rápida de observaciones o solicitudes de modificación de pliegos | O8: 1 | P8: 1 | Q8: =SUM(O8:P8) -> 2 | R8: =VLOOKUP(Q8,Inputs!$E$2:$F$12,2,FALSE) -> Bajo | S8: Sí | T8: Colombia Compra Eficiente + Entidad Compradora | U8: En la planeación del Proceso de Contratación del Acuerdo Marco de Precios | V8: Al finalizar la etapa precontractual | W8: - Análisis del mercado proveedor, validación de requisitos. -Registro y análisis de segmentos/ Productos o items desiertos para rediseño | X8: Permanente
A9: 4 | B9: General | C9: Externo | D9: Ejecución | E9: Operacional | F9: Cesión del contrato por mutuo acuerdo o terminación anticipada del contrato con un Proveedor del Acuerdo Marco de Precios | G9: (i) Por inhabilidad sobreviniente por acumulación de multas y sanciones al Proveedor (ii) Decisiones judiciales debidamente notificadas. Iii)Falta de capacidad operativa o financiera del proveedor principal iv) Intereses comerciales o tercerización encubierta. v)Vacíos o ambigüedad en el contrato del Acuerdo Marco. vi). Ausencia de monitoreo en la ejecución de órdenes de compra. vii). Relación informal o consorcios no declarados | H9: (I) Ajustes operativos y administrativos adicionales: coordinación de traspaso, actualización de órdenes en SECOP/Tienda Virtual y reinducción al nuevo proveedor AMP, lo que retrasa el cronograma de abastecimiento. ii) Pérdida de control sobre la calidad, tiempos y condiciones del producto o servicio. iii) Incumplimiento en las especificaciones técnicas por parte del cesionario que afecnten la calidad del bien o producto. iv) Incumplimiento en los tiempos de entrega por capacidad de producción del cesionario. v) Problemas de trazabilidad y responsabilidad: ante defectos o reclamos no hay claridad sobre quién responde. vi) Daño patrimonial de la entidad compradora. | I9: 3 | J9: 4 | K9: =SUM(I9:J9) -> 7 | L9: =VLOOKUP(K9,Inputs!$E$2:$F$12,2,FALSE) -> Alto | M9: Proveedor | N9: i)Implementar monitoreo de desempeño del proveedor, con opciones de contingencia que obliguen a presentar y ejecutar un plan de mejora en caso de alertas tempranas, reduciendo la probabilidad de cesión. Ii) Establecer condiciones de verificación del cesionario de tal manera que se tenga en cuenta capacdiad de produccción; si el cesionario ha incumplido en ordenes de compras anteriores y/o si tiene la capadidad técnica para cumplir con la orden de compra que le ceden. iii). Validar la capacidad operativa y técnica del proveedor durante el proceso de habilitación del cesionario de la orden de compra. | O9: 1 | P9: 1 | Q9: =SUM(O9:P9) -> 2 | R9: =VLOOKUP(Q9,Inputs!$E$2:$F$12,2,FALSE) -> Bajo | S9: Sí | T9: Colombia Compra Eficiente + Entidad Compradora | U9: En la planeación del Proceso de Contratación del Acuerdo Marco de Precios | V9: La del vencimiento del plazo del Acuerdo Marco | W9: - Verificando situaciones de incumplimiento, multas o aquellas estipuladas en los términos del Acuerdo Marco de Precios. - Consultas cruzadas: ¿el proveedor adjudicado es quien realmente entrega o fabrica? - Supervisión activa del cumplimiento de condiciones técnicas y contractuales. | X9: Permanente durante la ejecución
A10: 5 | B10: General | C10: Externo | D10: Ejecución | E10: Regulación | F10: Cambios en los tributos, aranceles o regulación de precios aplicables | G10: (I) Creación o incremento en los gravámenes (II) Declaración de emergencia sanitaria, ambiental, social o económica. Iii) Ajustes regulatorios en sectores estratégicos iv). Modificación del régimen de importación o exportación. | H10: - Modificación de las condiciones económicas del Acuerdo Marco. - Renegociación forzada o cancelación de órdenes de compra por inviabilidad financiera. - Incremento de precios no previsto, afectando el presupuesto de las entidades compradoras. - Posible desequilibrio económico del contrato con implicaciones legales. | I10: 1 | J10: 3 | K10: =SUM(I10:J10) -> 4 | L10: =VLOOKUP(K10,Inputs!$E$2:$F$12,2,FALSE) -> Bajo | M10: Colombia Compra Eficiente + Entidad Compradora | N10: - Estipulación contractual que permita revisar precios frente a cambios en tributos, aranceles o regulación de precios aplicable. - Incluir cláusulas de revisión o reajuste de precios en caso de cambios normativos sustanciales. - Establecer un mecanismo contractual para evaluar y ajustar condiciones si ocurre un cambio tributario/arancelario significativo. | O10: 1 | P10: 1 | Q10: =SUM(O10:P10) -> 2 | R10: =VLOOKUP(Q10,Inputs!$E$2:$F$12,2,FALSE) -> Bajo | S10: No | T10: Colombia Compra Eficiente + Entidad Compradora | U10: En la planeación del Proceso de Contratación. | V10: La del vencimiento del plazo del Acuerdo Marco | W10: Detectar a tiempo cualquier cambio normativo o regulatorio que afecte los costos, precios o viabilidad operativa del Acuerdo Marco, con el fin de activar mecanismos de revisión, mitigación o ajuste contractual, evitando desabastecimientos o controversias. | X10: Permanente
A11: 6 | B11: General | C11: Externo | D11: Ejecución | E11: Económico | F11: Cambios significativos en el precio de los insumos o de la Materia Prima del Producto en la ejecución del Acuerdo Marco de Precios de intendencia | G11: (i) Escasez de la materia prima por diferentes factores (ii) Variables macroeconómicas internacionales (incluido TRM) | H11: i) Modificaciones de las condiciones económicas de las materias primas o disminución de la calidad. Ii) Posibles incumplimientos por falta de produccion. | I11: 4 | J11: 3 | K11: =SUM(I11:J11) -> 7 | L11: =VLOOKUP(K11,Inputs!$E$2:$F$12,2,FALSE) -> Alto | M11: Proveedor | N11: Estipulación contractual que permita revisar precios del Catálogo frente a una variación de los insumos o la materia prima requerida para la fabricación de los elementos | O11: 4 | P11: 1 | Q11: =SUM(O11:P11) -> 5 | R11: =VLOOKUP(Q11,Inputs!$E$2:$F$12,2,FALSE) -> Medio | S11: No | T11: Colombia Compra Eficiente + Entidad Compradora | U11: En la planeación del Proceso de Contratación. | V11: Finalización de la orden de compra. | W11: Verificar los incrementos que sean conformes a lo establecido en los clausulados de cada uno de los procesos de selección y que sean concordantes con la realidad y actualidad del mercado. | X11: Permanente
A12: 7 | B12: Específico | C12: Externo | D12: Ejecución | E12: Operacionales | F12: Falta de oportunidad o no entrega de los productos por parte del proveedor | G12: i)Falta de planificación por parte de la entidad compradora y los proveedores ii)Incapacidad logística o financiera del proveedor iii)Problemas con subcontratistas o proveedores secundarios. Iv) Falta de penalizaciones efectivas o controles | H12: (i) Posible incumplimiento del objeto del Acuerdo Marco ii)Necesidad de recurrir a compras de emergencia o directas (más costosas). Iii)Pérdida de confianza en el Acuerdo Marco y en la entidad contratante. v)Posibles conflictos contractuales o sanciones administrativas. | I12: 2 | J12: 4 | K12: =SUM(I12:J12) -> 6 | L12: =VLOOKUP(K12,Inputs!$E$2:$F$12,2,FALSE) -> Alto | M12: Entidad Compradora + Proveedor | N12: - Revisión de la capacidad logística y financiera de los proveedores al momento de. - Aplicación de cláusulas contractuales por parte de CCE a la entidad compradora para el cumplimiento de sus obligaciones estipuladas en la minuta del AMP. - Solicitar cronogramas de entrega confirmados con cada orden de compra. Compradora. - Verificacion y actualizacion de los stock de cada uno de los pronentes adjudicatarios. - Establecer un mecanismo de sustitución inmediata del proveedor en caso de reiterados incumplimientos. | O12: 2 | P12: 2 | Q12: =SUM(O12:P12) -> 4 | R12: =VLOOKUP(Q12,Inputs!$E$2:$F$12,2,FALSE) -> Bajo | S12: Si | T12: Colombia Compra Eficiente + Entidad Compradora + Proveedor | U12: En la planeación del Proceso de Contratación. | V12: Al vencimiento del Acuerdo Marco de Precios | W12: - Vigilar en tiempo real el cumplimiento de las entregas pactadas por parte de los proveedores del Acuerdo Marco, con el fin de anticipar retrasos, fallas o incumplimientos y aplicar las acciones contractuales, operativas o correctivas necesarias. - Aplicación de penalidades o medidas correctivas | X12: Permanente durante la ejecución
A13: 8 | B13: específico | C13: externo | D13: ejecución | E13: operacionales | F13: Especificaciones técnicas de los insumos no cumplen con lo establecido en las fichas técnicas del Acuerdo Marco o en la Guía Técnica de evaluación de la conformidad para los Productos del sector defensa - GTMD-0004-A4 o su correspondiente modificación. | G13: 1) Falta de rigurosidad en los requisitos o criterios de selección de proveedores. 2) Inadecuada especificacion de las carcateristicas tecnicas. | H13: i) La calidad de los bienes (Productos) no es la estipulada en el Acuerdo Marco (No Conformidades) Ii) Inadecuada satisfaccion de la necesidad por parte de la entidad compradora. Iii). Detrimento patrimonial de las Entidades Compradoras. | I13: 4 | J13: 3 | K13: =SUM(I13:J13) -> 7 | L13: alto | M13: Colombia Compra Eficiente + Entidad Compradora | N13: La Entidad Compradora debe verificar que el producto cumpla con las especificaciones técnicas del Acuerdo Marco y de la Guía Técnica de evaluación de la conformidad para los Productos del sector defensa - GTMD-0004-A4 o su correspondiente modificación a través de la verificación de la ficha Implementar, durante la evaluación de ofertas, un procedimiento formal de revisión documental y técnica de la ficha del producto ofertado—exigiendo al proveedor evidencia objetiva de cumplimiento (catálogos y fichas tecnicas) y dejando constancia en el informe de evaluación antes de la adjudicación. Establecer Visitas tecnicas por parte de las entidades comrpadoras para verificar la calidad del producto ex ante. Solicitud de prueba/prototipo o muestra por parte de la entidad compradora. | O13: 2 | P13: 2 | Q13: 4 | R13: bajo | S13: no | T13: entidad Compradora + Proveedor | U13: etapa de ejecución del Acuerdo Marco | V13: terminación del Acuerdo Marco. | W13: La Entidad Compradora y el proveedor deberán adoptar los mecanismos tendientes a garantizar la correcta ejecución de la orden de compra, en los tiempos descritos en el Acuerdo Marco. | X13: Permanente
A14: 9 | B14: Específico | C14: Externo | D14: Ejecución | E14: Operacionales | F14: Deficiencia en el cumplimiento de los estándares de calidad de los Productos | G14: (i) Falta de control por parte del proveedor en la etapa de producción y/o entrega de los Productos (ii) Falta de planificación por parte del proveedor (iii) Falta de aplicación de la normatividad relacionada con cada uno de los insumos del AMP de intendencia. | H14: Incumplimiento contractual y sobrecostos por devoluciones o reprocesos, que generan retrasos en el suministro y deterioro de la satisfacción del comprador. Detrimento patrimonial de las Entidades Compradoras. | I14: 2 | J14: 3 | K14: =SUM(I14:J14) -> 5 | L14: =VLOOKUP(K14,Inputs!$E$2:$F$12,2,FALSE) -> Medio | M14: Proveedor | N14: (i) Verificación física de la calidad de los Productos por parte de la Entidad Compradora (ii) Inclusión en los documentos del Acuerdo Marco: especificaciones y normas técnicas de los productos, guía y sanciones y/o multas en caso de incumplimiento. (iii) Control en la entrega de los Productos al Proveedor mediante la aplicación del procedimiento establecido por la Entidad Compradora. | O14: 1 | P14: 2 | Q14: =SUM(O14:P14) -> 3 | R14: =VLOOKUP(Q14,Inputs!$E$2:$F$12,2,FALSE) -> Bajo | S14: Sí | T14: Colombia Compra Eficiente + Entidad Compradora + Proveedor | U14: En la planeación del Proceso de Contratación. | V14: Al vencimiento del Instrumento de Agregación de Demanda. | W14: Verificación por parte de la Entidad Compradora de los estándares de calidad | X14: Permanente
A15: 10 | B15: Específico | C15: Externo | D15: Ejecución | E15: Financieros | F15: Demoras en el pago de facturas al Proveedor por parte de la Entidad Compradora | G15: (i) Cambio en los procesos de facturación de las entidades ii) Falta de planificación de la entidad compradora para la aprobación y pagos de la facturación (iii) Demora en la entrega de soportes por parte del Proveedor. | H15: (i) Afectación en la ejecución presupuestal de la Entidad Compradora (ii) Afectación del flujo de caja del Proveedor. Iii) La no prestacion del servicio requerido por la entidad compradora. | I15: 2 | J15: 3 | K15: =SUM(I15:J15) -> 5 | L15: =VLOOKUP(K15,Inputs!$E$2:$F$12,2,FALSE) -> Medio | M15: Entidad Compradora | N15: (i) Estipulación contractual que establece los requisitos para el pago de las factura a favor del proveedor. Ii) Estipulación contractual que establece las consecuencias por el retraso en el pago de las facturas por parte de la entidad compradora. | O15: 1 | P15: 2 | Q15: =SUM(O15:P15) -> 3 | R15: =VLOOKUP(Q15,Inputs!$E$2:$F$12,2,FALSE) -> Bajo | S15: Sí | T15: Colombia Compra Eficiente + Entidad Compradora | U15: Etapa de ejecución del Acuerdo Marco | V15: Terminación de la orden de compra.. | W15: La Entidad Compradora deberá adoptar los mecanismos tendientes a realizar la verificación de los documentos requisitos de pago definidos. El proveedor deberá informar a CCE la demora de pago de las facturas por causas no imputables al mismo. | X15: Permanente
A16: 11 | B16: GENEral | C16: EXterno | D16: EJEcución | E16: FINANcieros | F16: Declaración de insolvencia económica por parte del proveedor adjudicado | G16: Eventos de caso fortuito y fuerza mayor dentro del contexto socio economico del proveedor. | H16: i) Incumplimiento de las obligaciones del contrato. Ii)Disminución de la oferta y la competencia en la Operación Secundaria. | I16: 3 | J16: 4 | K16: 7 | L16: ALTO | M16: Colombia Compra Eficiente + Proveedor | N16: Redacción de los Documentos del Proceso, establecimiento de cláusula de cesión. Cláusula de manifestación de los proveedores de declaración de insolvencia o alertas tempranas de situación financiera. Suspensión del proveedor de la TVEC por solicitud del proveedor Aplicación de garantía de cumplimiento. | O16: 3 | P16: 2 | Q16: =SUM(O16:P16) -> 5 | R16: Medio | S16: Si | T16: Colombia Compra Eficiente + Entidad Compradora + Proveedor | U16: En la planeación del Proceso de Contratación. | V16: terminación del Acuerdo Marco. | W16: Verificación del cumplimiento de las obligaciones del Proveedor. | X16: Permanente
A17: 12 | B17: Específico | C17: Externo | D17: Ejecución | E17: Operacionales | F17: Demora en la obtención de los permisos y licencias necesarios para ejecutar la orden de compra. | G17: (i) Ajustes imprevistos en los procedimientos internos de las entidades que otorgan los permisos, generando demoras en su aprobación. (iii) Demora en la entrega de soportes por parte del Proveedor. | H17: (ii) Afectación del flujo de caja del Proveedor. (iii) Incumplimiento en los plazos establecidos para la adquisición de bienes derivados del Acuerdo Marco | I17: 2 | J17: 3 | K17: =SUM(I17:J17) -> 5 | L17: =VLOOKUP(K17,Inputs!$E$2:$F$12,2,FALSE) -> Medio | M17: Entidad Compradora + Proveedor | N17: (i) En el marco de la ejecución contractual debe establecerse cronograma y tiempos de entrega claros, conforme a lo dispuesto en el Acuerdo Marco | O17: 1 | P17: 2 | Q17: =SUM(O17:P17) -> 3 | R17: =VLOOKUP(Q17,Inputs!$E$2:$F$12,2,FALSE) -> Bajo | S17: Sí | T17: Entidad Compradora + Proveedor | U17: Etapa de ejecución del Acuerdo Marco | V17: Terminación del Acuerdo Marco. | W17: La Entidad Compradora y el proveedor deberán adoptar los mecanismos tendientes a garantizar la correcta ejecución de la orden de compra, en los tiempos descritos en el Acuerdo Marco. | X17: Permanente durante la etapa de selección
A18: 13 | B18: Específico | C18: Externo | D18: Ejecución | E18: Operacionales | F18: Cambios normativos o regulatorios | G18: Reformas legales o políticas públicas | H18: Invalidación del acuerdo o necesidad de ajustes contractuales | I18: 1 | J18: 3 | K18: =SUM(I18:J18) -> 4 | L18: =VLOOKUP(K18,Inputs!$E$2:$F$12,2,FALSE) -> Bajo | M18: Colombia Compra Eficiente + Entidad Compradora | N18: Incluir cláusulas de ajuste por cambios regulatorios | O18: 1 | P18: 1 | Q18: =SUM(O18:P18) -> 2 | R18: =VLOOKUP(Q18,Inputs!$E$2:$F$12,2,FALSE) -> Bajo | S18: Sí | T18: Colombia Compra Eficiente + Entidad Compradora | U18: En la etapa previa de planeación y estructuración. | V18: Terminación del Acuerdo Marco. | W18: La Entidad Compradora y Colombia Compra Eficiente deberán realizar monitoreo permanente del marco normativo aplicable al Acuerdo Marco para identitificar cambuos y afectaciones. | X18: Permanente

Sheet Cuadro de Control
D10: CONTROL DE CAMBIOS DEL FORMATO
D12: VERSION | E12: AJUSTES | F12: FECHA | G12: VERSIÓN VIGENTE | I12: 1
D13: 1 | E13: Creación de formato | F13: 02/08/2022 | G13: Elaboró | H13: Karlo Fernández Cala | I13: Gestor T1-15
G14: Revisó | H14: Grupo Gestores SN | I14: Grupo Gestores SN
G15: Aprobó | H15: Catalina Pimienta Gómez | I15: Subdirectora de Negocios
D16: Nota: El control de cambios en el documento, se refiere a cualquier ajuste que se efectúe sobre el documento
D17: que describe ficha técnica del presente documento.

Sheet Inputs
A1: Clase | B1: Fuente | C1: Etapa | D1: Tipo | E1: Riesgo | F1: Valoración | G1: 1 | H1: Colombia Compra Eficiente
A2: General | B2: Interno | C2: Planeación | D2: Económico | E2: 0 | F2: Bajo | G2: 2 | H2: Proveedor
A3: Específico | B3: Externo | C3: Selección | D3: Sociales o Políticos | E3: 1 | F3: Bajo | G3: 3 | H3: Entidad Compradora
C4: Contratación | D4: Operacionales | E4: 2 | F4: Bajo | G4: 4 | H4: Colombia Compra Eficiente + Proveedor
C5: Ejecución | D5: Financieros | E5: 3 | F5: Bajo | G5: 5 | H5: Colombia Compra Eficiente + Entidad Compradora
D6: Regulatorios | E6: 4 | F6: Bajo | H6: Entidad Compradora + Proveedor
D7: Naturaleza | E7: 5 | F7: Medio | H7: Colombia Compra Eficiente + Entidad Compradora + Proveedor
D8: Ambientales | E8: 6 | F8: Alto
D9: Tecnológicos | E9: 7 | F9: Alto
E10: 8 | F10: Extremo
E11: 9 | F11: Extremo
E12: 10 | F12: Extremo
